Map: Frozen Temple

Players

IIIIIIIIIIII - Winner!

  • Race: Zerg Zerg
  • League: Master

Miszu

  • Race: Terran Terran
  • League: Master

VOD

Have the link to the VOD?

Description

Time

  • Played on: April 19, 2016, 1:40 p.m.
  • Length: 5:06
Show
View Real Time Build Order
Export as new Build Order

IIIIIIIIIIII Zerg - Winner!

Build Orders: Pool First 

Get SALT Encoding   

  12  0:03  Drone  
  13  0:15  Overlord  
  13  0:19  Drone  
  14  0:33  Drone  
  14  0:34  Drone  
  16  0:36  Extractor  
  16  0:38  Drone  
  16  0:48  Spawning Pool  
  15  1:08  Drone  
  16  1:19  Hatchery  
  15  1:34  Zergling x2  
  15  1:35  Zergling x4  
  18  1:43  Queen  
  20  1:51  Metabolic Boost  
  20  1:58  Overlord  
  20  2:02  Drone  
  22  2:08  Drone  
  22  2:18  Zergling x2  
  23  2:35  Roach Warren  
  22  2:47  Zergling x6  
  22  2:48  Zergling x2  
  23  3:17  Roach x4  
  23  3:18  Roach x2  
  35  3:22  Overlord  
  34  3:44  Zergling x10  
  34  3:47  Zergling x2  
  40  3:53  Zergling x2  
  41  3:56  Zergling x2  
  41  3:58  Ravager  
  43  4:06  Overlord  
  43  4:21  Ravager  
  43  4:22  Ravager  
  43  4:24  Zergling x2  
  43  4:25  Zergling x4  
  43  4:30  Zergling x2  
  43  4:31  Zergling x2  
  47  4:36  Drone  
  45  4:39  Drone  
  43  4:46  Drone  
  43  4:48  Drone  
  43  4:52  Drone  
Show
View Real Time Build Order
Export as new Build Order

Miszu Terran 

Build Orders: Reaper Expand 

Get SALT Encoding   

  12  0:01  SCV  
  13  0:13  SCV  
  14  0:17  Supply Depot  
  14  0:25  SCV  
  15  0:39  SCV  
  15  0:41  Barracks  
  16  0:44  Refinery  
  16  0:51  SCV  
  17  1:03  SCV  
  18  1:15  SCV  
  19  1:28  Orbital Command  
  19  1:29  Reaper  
  20  1:41  Command Center  
  20  1:50  Supply Depot  
  21  1:54  SCV  
  21  2:01  Marine  
  21  2:06  SCV  
  23  2:14  Factory, Refinery  
  23  2:18  SCV  
  24  2:30  Barracks Reactor, SCV  
  24  2:42  SCV  
  24  2:54  SCV  
  24  3:01  Starport  
  24  3:02  Factory Tech Lab  
  24  3:06  SCV  
  24  3:07  Marine x2  
  27  3:19  SCV  
  28  3:21  Orbital Command  
  28  3:26  Marine x2  
  30  3:31  SCV  
  30  3:36  Supply Depot  
  30  3:43  SCV  
  30  3:44  Banshee  
  30  3:47  SCV  
  35  3:55  SCV  
  36  3:59  SCV  
  37  4:07  SCV  
  38  4:11  SCV  
  38  4:16  Marine x2  
  39  4:19  SCV  
  39  4:23  SCV  
  41  4:29  Supply Depot x2  
  41  4:30  Supply Depot  
  44  4:31  SCV  
  44  4:33  Supply Depot  
  44  4:35  SCV  
  44  4:36  Marine x2  
  45  4:43  SCV  
Tags
 
Add a new tag
Caveats
  • Supply blocks, unpowered buildings, or Contaminate may cause inaccurate times.
  • Supply counts are checked every 10 seconds.